 Dungeon Crawl Stone Soup version 0.30-a0-2-gf48d83f5e2 (webtiles) character file.

Game seed: 2865962058017354006

3406 kae the Arsonist (level 9, -24/50 HPs)
             Began as a Deep Elf Fire Elementalist on Aug 19, 2022.
             Was a Believer of Vehumet.
             Annihilated by Grum
             ... wielding a -1 glaive
              (28 damage)
             ... on level 8 of the Dungeon.
             The game lasted 00:11:06 (10135 turns).

kae the Arsonist (Deep Elf Fire Elementalist)      Turns: 10135, Time: 00:11:06

Health: -24/50     AC: 10    Str:  8    XL:     9   Next: 75%
Magic:  6/22       EV: 14    Int: 25    God:    Vehumet [**....]
Gold:   521        SH:  0    Dex: 15    Spells: 10/23 levels left

rFire   + . .      SeeInvis +    u - +0 whip (elec)
rCold   . . .      Faith    .    (no shield)
rNeg    . . .      Spirit   .    v - +2 robe of Godghumm {rElec Str+3}
rPois   .          Reflect  .    (no helmet)
rElec   +          Harm     .    (no cloak)
rCorr   .          Rampage  .    r - +0 pair of gloves of Catatonia {rF+ SInv}
Will    .....                    s - +0 pair of boots
Stlth   ++........               (no amulet)
HPRegen 0.16/turn                O - +4 ring of protection
MPRegen 0.18/turn                (no ring)

@: no status effects
A: no striking features
a: Renounce Religion


You were on level 8 of the Dungeon.
You worshipped Vehumet.
Vehumet was pleased with you.
You visited 2 branches of the dungeon, and saw 9 of its levels.
You also visited: Ossuary.

You collected 521 gold pieces.


   Skills:
 + Level 3.0 Fighting
 + Level 5.3 Dodging
 - Level 2.4 Stealth
 + Level 7.9 Spellcasting
 * Level 8.9 Conjurations
 * Level 9.4 Fire Magic


You had 10 spell levels left.
You knew the following spells:

 Your Spells              Type           Power      Damage    Failure   Level
a - Foxfire               Conj/Fire      100%       2x1d9     1%          1
b - Scorch                Fire           100%       2d10      1%          2
c - Conjure Flame         Conj/Fire      54%        6-21      1%          3
d - Inner Flame           Hex/Fire       33%        N/A       2%          3
e - Flame Wave            Conj/Fire      54%        2d13      1%          4

Your spell library contained the following spells:

 Spells                   Type           Power      Damage    Failure   Level
 Static Discharge         Conj/Air       32%        3-7/arc   1%          2
 Beastly Appendage        Tmut           18%        N/A       6%          1
 Wereblood                Tmut           9%         N/A       10%         2
 Call Canine Familiar     Summ           9%         N/A       19%         3
 Portal Projectile        Hex/Tloc       18%        N/A       19%         3
 Spider Form              Tmut/Pois      9%         N/A       19%         3
 Leda's Liquefaction      Hex/Erth       4%         N/A       52%         4

Inventory:

Hand Weapons
 u - a +0 whip of electrocution (weapon)
   (You took it off Pikel on level 6 of the Dungeon)
Missiles
 d - 55 stones
 g - a throwing net {=f!f}
 i - 16 poisoned darts
Armour
 r - the +0 pair of gloves of Catatonia (worn) {rF+ SInv}
   (You found it on level 4 of the Dungeon)

   rF:        It protects you from fire.
   SInv:      It lets you see invisible.
 s - a +0 pair of boots (worn)
   (You found it on level 6 of the Dungeon)
 v - the +2 robe of Godghumm (worn) {rElec Str+3}
   (You took it off a goblin on level 2 of the Dungeon)

   Str:       It affects your strength (+3).
   rElec:     It insulates you from electricity.
Jewellery
 O - a +4 ring of protection (left hand)
   (You found it on level 1 of the Dungeon)
 Z - a ring of wizardry
   (You found it on level 6 of the Dungeon)
Wands
 c - a wand of flame (13)
   (You found it on level 3 of the Dungeon)
 y - a wand of light (8)
   (You took it off Crazy Yiuf on level 7 of the Dungeon)
 A - a wand of paralysis (11)
   (You took it off Maurice on level 8 of the Dungeon)
Scrolls
 e - 2 scrolls of teleportation {@r4}
 f - 2 scrolls of silence {!r}
 p - 2 scrolls of blinking {!r}
 w - a scroll of poison {!r}
 x - 3 scrolls of identify {@r1}
 z - 2 scrolls of summoning
Potions
 a - a potion of lignification {unknown}
 b - 4 potions of magic
 h - 2 potions of haste {@q3}
 j - 6 potions of attraction {!q}
 k - 2 potions of cancellation
 l - 6 potions of brilliance
 m - a potion of mutation {!q}
 n - 3 potions of curing {@q1}
 o - a potion of invisibility
 q - 3 potions of might

Dungeon Overview and Level Annotations

Branches:
Dungeon (8/15) Zot: 26354  Temple (1/1) D:6 Zot: 5608 Ossuary (visited)
   Lair: D:8-11

Altars:
Cheibriados
Dithmenos
Elyvilon
Fedhas
Gozag
Hepliaklqana
Kikubaaqudgha
Makhleb
Nemelex Xobeh
Qazlal
Sif Muna
Trog
Uskayaw
Vehumet
Wu Jian
Xom
Yredelemnul
Zin
The Shining One

Annotations:
D:4 exclusion: black bear
D:5 Edmund
D:8 Grum

# # ##################
.................#
..........######.#
..#>###...# #.#
..#...##.## #.#
#####.##.# #.#
######## ..#...##.#
#@# #......#
..#..###.#
#†###.####.#
.........### #.g...#
#.# ###........#
#.....# #.# #
#.###..#.# ##....#
#.## # #.# #....#
##.#.# #..# # #.#
#...## #>#.# ##g# #.#
#...########.#.# #.#
###.###...........)#.#
#.#


You could see Grum (combustible).


Message History

You now have 50 max hp (+1).
You take 12 damage, and now have 21/50 hp.
MASSIVE DAMAGE!! (PAUSE)
You are engulfed in blazing flames.
You resist.
* * * LOW HITPOINT WARNING * * *
😱 HP[-14]
You take 14 damage, and now have 7/50 hp.
MASSIVE DAMAGE!! (PAUSE) 😱 HP[+1]
Casting: Foxfire (safe; 1% risk of failure)
Confirm with . or Enter, or press ? or * to list all spells.
The fire begins to smoulder! 😱 MP[-3]
You lost 3 mp, and now have 11/22 mp.
The fire ignites! 😱 MP[+1] 😱 HP[+1] 😱 MP[+1] 😱 HP[+1] 😱 MP[+1] 😱 HP[+1] 😱 MP[+1] 😱 HP[+1] MP[+1]
You start resting.
Grum is nearby!
The wolf howls! 😨 HP[+1] MP[+1]
The wolf bites you.
* * * LOW HITPOINT WARNING * * *
The wolf barely misses you. 😱 HP[-6]
You take 6 damage, and now have 7/50 hp.
The wolf attacks as you move away! The wolf bites you but does no damage.
The wolf closely misses you. 😱 MP[+1]
Casting: Conjure Flame (safe; 1% risk of failure)
Confirm with . or Enter, or press ? or * to list all spells.
Flames lash the wolf.
The wolf's fire resistance burns away.
The wolf closely misses you. The wolf bites you but does no damage.
The wolf barely misses you. 😱 HP[+1] MP[-2]
You lost 2 mp, and now have 16/22 mp.
Casting: Scorch (safe; 1% risk of failure)
Confirm with . or Enter, or press ? or * to list all spells.
Flames lash the wolf.
The wolf is burned terribly!
The wolf barely misses you. The wolf bites you but does no damage.
The wolf misses you.
The wolf bites you but does no damage. 😱 MP[-2]
You lost 2 mp, and now have 14/22 mp.
Unknown command.
You feel much better. The wolf misses you.
Grum hits you from afar with a -1 glaive!
* * * LOW HITPOINT WARNING * * *
😨 HP[+9]
You regained 9 hp, and now have 17/50 hp.
Casting: Scorch (safe; 1% risk of failure)
Confirm with . or Enter, or press ? or * to list all spells.
Casting: Flame Wave (dangerous; 1% risk of failure)
Press: ? - help, Dir - look around, f - activate A wave of flame ripples out!
The flame wave engulfs the wolf!!
The wolf is burned terribly!
You kill the wolf!
Vehumet accepts your kill.
You feel your power returning. (Press . to intensify the flame waves.) Grum misses you. 😨 MP[-1]
You lost 1 mp, and now have 13/22 mp.
A wave of flame ripples out!
The flame wave engulfs Grum!!
Grum growls.
Grum misses you. 😨 MP[-1]
You lost 1 mp, and now have 12/22 mp.
A wave of flame ripples out!
The flame wave engulfs Grum.
You finish channelling waves of flame.
Grum closely misses you. 😨 HP[+1] MP[-1]
You lost 1 mp, and now have 11/22 mp.
Casting: Flame Wave (dangerous; 1% risk of failure)
Confirm with . or Enter, or press ? or * to list all spells.
Flames lash Grum.
Grum's fire resistance burns away.
Grum barely misses you.
Grum hits you from afar with a -1 glaive.
* * * LOW HITPOINT WARNING * * *
😱 HP[-6] MP[-2]
You take 6 damage, and now have 12/50 hp.
You lost 2 mp, and now have 9/22 mp.
Casting: Scorch (safe; 1% risk of failure)
Confirm with . or Enter, or press ? or * to list all spells.
Flames lash Grum but do no damage.
Grum completely misses you.
Grum grunts.
Grum hits you from afar with a -1 glaive!
* * * LOW HITPOINT WARNING * * *
😱 HP[-9] MP[-1]
You take 9 damage, and now have 3/50 hp.
You lost 1 mp, and now have 8/22 mp.
Casting: Scorch (safe; 1% risk of failure)
Confirm with . or Enter, or press ? or * to list all spells.
Flames lash Grum.
Grum is burned terribly!
Grum barely misses you.
Grum hits you from afar with a -1 glaive!!
Ouch! That really hurt!
You die...

Skill      XL: |  1  2  3  4  5  6  7  8  9 |
---------------+----------------------------+-----
Conjurations   | 2 3 4 5 6 7 8 |  8.9
Fire Magic     | 4 5 6 7 8 9 |  9.4
Spellcasting   | 4 5 6 7 |  7.9
Dodging        | 4 5 |  5.3
Fighting       | 1 3 |  3.0
Stealth        | |  2.4

Action                   |  1- 3 |  4- 6 |  7- 9 || total
-------------------------+-------+-------+-------++-------
Melee: Unarmed           |       |       |     3 ||     3
       Whip              |       |       |     4 ||     4
 Cast: Foxfire           |    49 |    98 |   159 ||   306
       Scorch            |    17 |    25 |    66 ||   108
       Conjure Flame     |       |       |     7 ||     7
       Inner Flame       |       |       |     8 ||     8
       Flame Wave        |       |       |     5 ||     5
  Use: Scroll            |       |    13 |     7 ||    20
       Potion            |       |       |     1 ||     1
Armor: Robe              |     1 |    17 |    37 ||    55
Dodge: Dodged            |     7 |    33 |    81 ||   121

Levels and vault maps discovered:
D:1:      psy_arrival_statuary, layout_loops_ring,
          hellmonk_ecumenical_altar_lost_god, minivault_4
D:2:      layout_rooms, basic_altar, roderic_serpentine_path, uniq_robin
D:3:      layout_loops_ring, minivault_19
D:4:      layout_cave_pools, nicolae_elyvilon_peaceful_grove,
          nrook_loot_triangle, minmay_ruined_shrine
D:5:      layout_loops_corners, mainiacjoe_overflow_24_doors,
          serial_bayou_ford_a, uniq_edmund
D:6:      layout_basic, nicolae_overflow_two_pavilions,
          mainiacjoe_overflow_paths, minmay_temple_entry_nine_rooms,
          hex_intersection, minmay_fire_ice_demons, uniq_pikel
D:7:      layout_cave_pools, zin_angel, uniq_crazy_yiuf_cottage
D:8:      layout_loops_ring, mainiacjoe_overflow_two_lobes,
          gup_ossuary_entry_pyramid, minmay_misc_feat_iff, uniq_maurice,
          uniq_grum
Temple:   minmay_temple_forest_path

Notes
Turn   | Place    | Note
-------+----------+-------------------------------------------
     0 | D:1      | kae the Deep Elf Fire Elementalist began the quest for the
                  | Orb.
     0 | D:1      | Reached XP level 1. HP: 10/10 MP: 6/6
     0 | D:1      | magus.rc [v1.11.3]
    94 | D:1      | Found a faded altar of an unknown god.
   118 | D:1      | Reached XP level 2. HP: 14/15 MP: 1/8
   391 | D:1      | Learned a level 2 spell: Scorch
   438 | D:1      | Reached skill level 2 in Conjurations
   698 | D:1      | Reached XP level 3. HP: 19/19 MP: 6/9
  1053 | D:2      | Found a glowing golden altar of the Shining One.
  1055 | D:2      | Reached skill level 4 in Fire Magic
  1257 | D:2      | Noticed Robin
  1266 | D:2      | Killed Robin
  1308 | D:2      | Reached XP level 4. HP: 21/24 MP: 1/11
  1492 | D:2      | Identified the +2 robe of Godghumm {rElec Str+3}
  1802 | D:2      | Reached skill level 3 in Conjurations
  1823 | D:2      | You pick up a book of the Hunter and begin reading...
  1823 | D:2      | You add the spells Call Canine Familiar, Portal Projectile
                  | and Leda's Liquefaction to your library.
  2032 | D:3      | Reached skill level 4 in Spellcasting
  2078 | D:3      | Identified the +8 spear of the Cursing Eel {flame, Drain
                  | rElec Str+3 Dex+4}
  2254 | D:3      | Reached XP level 5. HP: 28/28 MP: 9/13
  2863 | D:4      | Reached skill level 5 in Fire Magic
  2914 | D:4      | Found a shadowy altar of Dithmenos.
  3112 | D:3      | Learned a level 3 spell: Conjure Flame
  3116 | D:3      | Learned a level 3 spell: Inner Flame
  3124 | D:3      | Reached skill level 4 in Conjurations
  3316 | D:4      | Noticed a black bear
  3347 | D:4      | Reached XP level 6. HP: 32/32 MP: 9/14
  3521 | D:4      | Identified the +0 pair of gloves of Catatonia {rF+ SInv}
  3848 | D:4      | Found a white marble altar of Elyvilon.
  4019 | D:5      | Entered Level 5 of the Dungeon
  4062 | D:5      | You pick up a book of Flames and begin reading...
  4264 | D:5      | You pick up a book of Changes and begin reading...
  4264 | D:5      | You add the spells Beastly Appendage, Wereblood and Spider
                  | Form to your library.
  4305 | D:5      | Reached skill level 5 in Spellcasting
  4343 | D:5      | Noticed Edmund
  4468 | D:5      | Reached skill level 5 in Conjurations
  4468 | D:5      | Reached skill level 6 in Fire Magic
  4745 | D:5      | Reached XP level 7. HP: 36/36 MP: 12/16
  4792 | D:5      | Found a stormy altar of Qazlal.
  5539 | D:6      | Noticed Pikel
  5692 | D:6      | Learned a level 4 spell: Flame Wave
  5758 | D:6      | Reached skill level 6 in Conjurations
  5758 | D:6      | HP: 7/34 [wight/+4 flail (6)]
  5760 | D:6      | Reached skill level 7 in Fire Magic
  5787 | D:6      | HP: 7/36 [hound (3)]
  6049 | D:6      | Reached skill level 6 in Spellcasting
  6158 | D:6      | Reached XP level 8. HP: 41/41 MP: 13/19
  6194 | D:6      | Found a staircase to the Ecumenical Temple.
  6200 | Temple   | Entered the Ecumenical Temple
  6542 | Temple   | Became a worshipper of Vehumet
  6816 | D:6      | Found a sparkling altar of Nemelex Xobeh.
  7179 | D:6      | Found a hazy altar of Hepliaklqana.
  7179 | D:6      | Found a shimmering blue altar of Sif Muna.
  7274 | D:6      | Reached skill level 3 in Dodging
  7442 | D:6      | Killed Pikel
  7443 | D:6      | Reached skill level 1 in Fighting
  7443 | D:6      | Reached skill level 7 in Conjurations
  7443 | D:6      | Reached skill level 8 in Fire Magic
  8124 | D:7      | Reached skill level 4 in Dodging
  8131 | D:7      | Reached skill level 7 in Spellcasting
  8201 | D:7      | Reached XP level 9. HP: 44/48 MP: 18/21
  8238 | D:7      | Reached skill level 2 in Fighting
  8529 | D:7      | Noticed an angel
  8530 | D:7      | Found a glowing silver altar of Zin.
  8860 | D:7      | Found a runed translucent door.
  8861 | D:7      | Noticed Crazy Yiuf
  8871 | D:7      | Killed Crazy Yiuf
  9062 | D:8      | Reached skill level 8 in Conjurations
  9239 | D:8      | Reached * piety under Vehumet
  9239 | D:8      | Offered knowledge of Shock by Vehumet.
  9347 | D:8      | Noticed Maurice
  9348 | D:8      | Found a sand-covered staircase.
  9358 | Ossuary  | Entered an ossuary
  9707 | Ossuary  | Reached ** piety under Vehumet
  9707 | Ossuary  | Offered knowledge of Static Discharge by Vehumet.
  9716 | Ossuary  | Reached skill level 9 in Fire Magic
  9941 | D:8      | Killed Maurice
  9942 | D:8      | Reached skill level 5 in Dodging
 10074 | D:8      | Noticed Grum
 10083 | D:8      | Reached skill level 3 in Fighting
 10083 | D:8      | HP: 7/50 [cloud of flame (14)]
 10119 | D:8      | HP: 7/50 [wolf[Grum] (6)]
 10131 | D:8      | HP: 12/50 [Grum/-1 glaive (6)]
 10133 | D:8      | HP: 3/50 [Grum/-1 glaive (9)]
 10135 | D:8      | Annihilated by Grum

Vanquished Creatures
  Pikel (D:6)
  Maurice (D:8)
  A steam dragon (D:7)
  2 water moccasins
  An ice beast (D:8)
  3 wolves (D:8)
  A centaur (D:6)
  3 lemures
  2 elf zombies (Ossuary)
  2 bullfrogs (D:7)
  A necrophage (D:5)
  3 scorpions
  4 wights (D:6)
  A howler monkey (D:6)
  2 centaur zombies (Ossuary)
  8 hounds
  A human zombie (Ossuary)
  Crazy Yiuf (D:7)
  8 orc priests
  3 iguanas
  5 orc wizards
  3 mummies
  Robin (D:2)
  4 gnolls (D:7)
  6 adders
  3 white imps
  3 worms
  2 dart slugs
  31 orcs
  6 ball pythons
  2 bats
  11 endoplasms
  3 giant cockroaches
  14 goblins
  12 hobgoblins
  7 jackals
  2 quokkas (D:1)
  2 frilled lizards
  A goblin zombie (Ossuary)
  8 hobgoblin zombies (Ossuary)
  2 jackal zombies (Ossuary)
  7 kobolds
  7 kobold zombies (Ossuary)
  11 orc zombies (Ossuary)
  5 rats
  2 rat zombies (Ossuary)
209 creatures vanquished.

Vanquished Creatures (others)
  502 foxfires
  A plant (D:5)
503 creatures vanquished.

Grand Total: 712 creatures vanquished

Table legend:
 A = Non-vault XP
 B = Vault XP
 C = Vault XP percentage of total XP
 D = Non-vault monster count
 E = Vault monster count
 F = Vault count percentage of total count
                 A         B        C        D         E       F
            +---------+---------+-------+---------+---------+-------
      Total |    2766 |    2101 |  43.2 |     141 |      65 |  31.6
            +---------+---------+-------+---------+---------+-------
        D:1 |      49 |       0 |   0.0 |      27 |       0 |   0.0
        D:2 |      41 |      40 |  49.4 |      13 |      13 |  50.0
        D:3 |      89 |      42 |  32.1 |      17 |       2 |  10.5
        D:4 |     160 |      83 |  34.2 |      17 |       4 |  19.0
        D:5 |     372 |       0 |   0.0 |      14 |       0 |   0.0
        D:6 |    1000 |     639 |  39.0 |      22 |       2 |   8.3
        D:7 |     649 |      40 |   5.8 |      23 |       1 |   4.2
        D:8 |     406 |     868 |  68.1 |       8 |       5 |  38.5
    Ossuary |       0 |     389 | 100.0 |       0 |      38 | 100.0
            +---------+---------+-------+---------+---------+-------

Illustrated notes

Table legend:
 A = Kills in this place as a percentage of kills in entire the game.
 B = Kills by you in this place as a percentage of kills by you in the entire game.
 C = Kills by friends in this place as a percentage of kills by friends in the entire game.
 D = Other kills in this place as a percentage of other kills in the entire game.
 E = Experience gained in this place as a percentage of experience gained in the entire game.
 F = Experience gained in this place divided by the number of levels of this place that you have seen.
                   A       B       C       D       E      F
               +-------+-------+-------+-------+-------+----------------------
         Total | 100.0 | 100.0 |   N/A |   N/A | 100.0 | 486.7
       Dungeon |  81.6 |  81.6 |   N/A |   N/A |  92.0 | 559.8
       Ossuary |  18.4 |  18.4 |   N/A |   N/A |   8.0 | 389.0
               +-------+-------+-------+-------+-------+----------------------

Table legend: (Time is in decaauts)
 A = Elapsed time spent in this place.
 B = Non-inter-level travel time spent in this place.
 C = Inter-level travel time spent in this place.
 D = Time resting spent in this place.
 E = Time spent auto-exploring this place.
 F = Levels seen in this place.
 G = Mean time per level.
                   A        B        C        D        E       F      G
               +--------+--------+--------+--------+--------+-----+--------+
         Total |  10149 |   9494 |    655 |    718 |   7143 |  10 | 1014.9 |
       Dungeon |   9205 |   8638 |    567 |    685 |   6511 |   8 | 1150.6 |
        Temple |    391 |    303 |     88 |      0 |    291 |   1 |  391.0 |
       Ossuary |    552 |    552 |      0 |     33 |    341 |   1 |  552.0 |
               +--------+--------+--------+--------+--------+-----+--------+

Top non-repeatable levels by time:
     D:6: 1869 daAuts
     D:5: 1681 daAuts
     D:3: 1140 daAuts
     D:1: 1012 daAuts
     D:2: 1004 daAuts
     D:4: 993 daAuts
     D:7: 857 daAuts
     D:8: 644 daAuts
 Ossuary: 552 daAuts
  Temple: 391 daAuts
